[Event "FIDE World Rapid-ch Open 2018"]
[White "Riazantsev, Alexander"]
[Black "Hovhannisyan, Robert"]
[Site "St. Petersburg"]
[Round "11.26"]
[Annotator "ChessBase"]
[Result "1-0"]
[Date "2018.12.28"]
[WhiteElo "2649"]
[BlackElo "2637"]
[PlyCount "97"]
[TimeControl "900+10"]

1. d4 d5 2. c4 e6 3. Nf3 Nf6 4. Bg5 dxc4 5. e4 b5 6. a4 c6 7. Nc3 b4 8. Nb1 Ba6 9. e5 h6 10. Bxf6 gxf6 11. exf6 Qxf6 12. Nbd2 c3 13. bxc3 bxc3 14. Ne4 Qf4 15. Bd3 Bb4 16. 0-0 Rg8 17. g3 c2 18. Qxc2 Bxd3 19. Qxd3 Rg4 20. Nc5 Bxc5 21. dxc5 Nd7 22. Rfd1 Rd8 23. h3 Rg8 24. Rac1 Qc7 25. Kg2 Nf8 26. Qxd8+ Qxd8 27. Rxd8+ Kxd8 28. Ne5 Kc7 29. Nxf7 h5 30. Ne5 Ng6 31. Nxg6 Rxg6 32. f4 Rf6 33. Kf3 e5 34. Re1 exf4 35. gxf4 Kb7 36. Re5 Ka6 37. f5 Ka5 38. Kf4 Rf8 39. Kg5 Kxa4 40. f6 a5 41. Kg6 Kb4 42. f7 a4 43. Rxh5 a3 44. Rf5 a2 45. Rf1 Ra8 46. Kg7 Kxc5 47. f8=Q+ Rxf8 48. Kxf8 Kb4 49. h4 1-0

[Event "FIDE World Rapid-ch Open 2018"]
[White "Rakhmanov, Aleksandr"]
[Black "Shirov, Alexei"]
[Site "St. Petersburg"]
[Round "11.27"]
[Annotator "ChessBase"]
[Result "1/2-1/2"]
[Date "2018.12.28"]
[WhiteElo "2629"]
[BlackElo "2643"]
[PlyCount "70"]
[TimeControl "900+10"]

1. Nf3 d5 2. g3 Bg4 3. Bg2 Nd7 4. d4 e6 5. 0-0 Bd6 6. Nbd2 Ngf6 7. Re1 0-0 8. e4 dxe4 9. Nxe4 Nxe4 10. Rxe4 Nf6 11. Re1 c5 12. dxc5 Bxc5 13. Qxd8 Raxd8 14. Ne5 Bf5 15. c3 Nd5 16. a4 a5 17. Nc4 b6 18. Ne5 Bc2 19. Nc6 Rd7 20. Bxd5 Rxd5 21. Be3 Rc8 22. Bxc5 Rxc6 23. Bd4 f6 24. f4 Kf7 25. Re2 Bb3 26. Kf2 b5 27. axb5 Rxb5 28. Rd2 Rd6 29. Be3 Rxd2+ 30. Bxd2 a4 31. Re1 Rd5 32. Bc1 h5 33. Re4 Rd1 34. Re1 Rd8 35. Re4 Rd1 1/2-1/2

[Event "FIDE World Rapid-ch Open 2018"]
[White "Petrov, Nikita"]
[Black "Ponkratov, Pavel"]
[Site "St. Petersburg"]
[Round "11.28"]
[Annotator "ChessBase"]
[Result "0-1"]
[Date "2018.12.28"]
[WhiteElo "2593"]
[BlackElo "2630"]
[PlyCount "96"]
[TimeControl "900+10"]

1. e4 e5 2. Bc4 Nc6 3. Nf3 Nf6 4. d3 h6 5. 0-0 g5 6. d4 exd4 7. Nxd4 Ne5 8. Bb3 Bc5 9. Nf3 d6 10. Nxe5 dxe5 11. Qe2 Qe7 12. Be3 Bxe3 13. Qxe3 Nh5 14. Nc3 c6 15. Ne2 Nf4 16. Ng3 0-0 17. Rad1 Bg4 18. Nf5 Bxf5 19. exf5 a5 20. a4 Rad8 21. Qb6 e4 22. Rde1 Rfe8 23. Qxa5 Qf6 24. Qb6 Rd7 25. g3 Nh3+ 26. Kg2 Qxf5 27. Qe3 g4 28. Kh1 Kg7 29. Qc3+ f6 30. Bc4 Nxf2+ 31. Kg1 Nh3+ 32. Kh1 Qe5 33. Qe3 Qd4 34. Qe2 e3 35. Bd3 Nf2+ 36. Kg1 Qd5 37. Rxf2 exf2+ 38. Qxf2 Rxe1+ 39. Qxe1 Qc5+ 40. Kf1 Re7 41. Qd2 h5 42. Qf4 Qd5 43. Kg1 Qe5 44. Qxe5 Rxe5 45. Kf2 Kh6 46. b4 Kg5 47. c4 c5 48. b5 b6 0-1

[Event "FIDE World Rapid-ch Open 2018"]
[White "Grigoriants, Sergey"]
[Black "Khanin, Semen"]
[Site "St. Petersburg"]
[Round "11.29"]
[Annotator "ChessBase"]
[Result "1/2-1/2"]
[Date "2018.12.28"]
[WhiteElo "2540"]
[BlackElo "2514"]
[PlyCount "54"]
[TimeControl "900+10"]

1. Nf3 Nf6 2. c4 g6 3. Nc3 Bg7 4. e4 d6 5. d4 0-0 6. Be2 e5 7. Be3 Qe8 8. dxe5 Ng4 9. Bg5 Nxe5 10. 0-0 f6 11. Be3 Na6 12. Nd4 Qf7 13. b3 f5 14. exf5 gxf5 15. Bh5 Ng6 16. f4 Nc5 17. Qd2 Bd7 18. Rae1 Rae8 19. Ndb5 Bxb5 20. cxb5 Kh8 21. Bd4 Rxe1 22. Rxe1 Re8 23. Bxg7+ Kxg7 24. g3 Rxe1+ 25. Qxe1 Qe7 26. Qxe7+ Nxe7 27. Bf3 c6 1/2-1/2

[Event "FIDE World Rapid-ch Open 2018"]
[White "Tang, Andrew"]
[Black "Mchedlishvili, Mikheil"]
[Site "St. Petersburg"]
[Round "11.30"]
[Annotator "ChessBase"]
[Result "1/2-1/2"]
[Date "2018.12.28"]
[WhiteElo "2487"]
[BlackElo "2610"]
[PlyCount "84"]
[TimeControl "900+10"]

1. d4 d5 2. Bf4 Nf6 3. e3 c5 4. Nc3 cxd4 5. exd4 a6 6. Nf3 Bg4 7. h3 Bxf3 8. Qxf3 Nc6 9. 0-0-0 e6 10. g4 Bd6 11. h4 Rc8 12. g5 Bxf4+ 13. Qxf4 Nh5 14. Qe3 Na5 15. Kb1 g6 16. Be2 Nc4 17. Qc1 Ng7 18. h5 Rg8 19. hxg6 hxg6 20. Bd3 Nh5 21. Rhe1 Kf8 22. Ne2 Qd6 23. Bxc4 Rxc4 24. Qe3 Ke7 25. Qf3 Rf8 26. Ng3 Nxg3 27. fxg3 Kd8 28. c3 Rc7 29. Rh1 Kc8 30. Rh7 Re7 31. Qf4 e5 32. dxe5 Qxe5 33. Rh2 Qe4+ 34. Kc1 Rd8 35. Rhd2 Qxf4 36. gxf4 Re4 37. Rd4 Rde8 38. a4 Kc7 39. Rxd5 Rxf4 40. Rc5+ Kb8 41. a5 Rf2 42. Rd2 Rxd2 1/2-1/2

[Event "FIDE World Rapid-ch Open 2018"]
[White "Potkin, Vladimir"]
[Black "Van Foreest, Jorden"]
[Site "St. Petersburg"]
[Round "11.31"]
[Annotator "ChessBase"]
[Result "1/2-1/2"]
[Date "2018.12.28"]
[WhiteElo "2597"]
[BlackElo "2614"]
[PlyCount "130"]
[TimeControl "900+10"]

1. c4 e5 2. Nc3 Nf6 3. Nf3 Nc6 4. g3 d5 5. cxd5 Nxd5 6. Bg2 Bc5 7. 0-0 0-0 8. d3 Re8 9. Qb3 Nde7 10. Qc4 Bb6 11. Na4 Be6 12. Qh4 f6 13. g4 Qd7 14. h3 Nb4 15. b3 Nbd5 16. Qg3 Rad8 17. Bd2 Ng6 18. e3 c6 19. Rfd1 Bc7 20. Nc5 Qe7 21. Ne4 Nb4 22. Bxb4 Qxb4 23. h4 Qf8 24. h5 Ne7 25. Nh4 Kh8 26. Rac1 Bc8 27. Bh3 Rd5 28. Qf3 Red8 29. Qe2 Ng8 30. Kg2 Nh6 31. Nc3 R5d7 32. Ne4 Rd5 33. Nc3 Ra5 34. Rd2 Bd6 35. Ne4 Bb4 36. Rdc2 Rad5 37. Rd1 Qe7 38. Rc4 b5 39. Rc2 Qd7 40. Nf5 Nxf5 41. gxf5 h6 42. Bg4 c5 43. Ng3 Rxd3 44. Rxd3 Qxd3 45. Qxd3 Rxd3 46. Be2 Bb7+ 47. Kf1 e4 48. f3 Rxe3 49. Nxe4 a6 50. Kf2 Bxe4 51. fxe4 Rxe4 52. Kg3 Be1+ 53. Kf3 Re5 54. Kf4 Bh4 55. Bf3 Kg8 56. Bb7 a5 57. Bc6 Kf8 58. Bxb5 Bg5+ 59. Kg4 Re4+ 60. Kg3 Re3+ 61. Kg4 Re4+ 62. Kg3 Re5 63. Kg4 Ke7 64. Re2 Be3 65. Kf3 Bd4 {[%emt 0:1:6] Ke4} 1/2-1/2

[Event "FIDE World Rapid-ch Open 2018"]
[White "Fedoseev, Vladimir"]
[Black "Predke, Alexandr"]
[Site "St. Petersburg"]
[Round "11.32"]
[Annotator "ChessBase"]
[Result "1-0"]
[Date "2018.12.28"]
[WhiteElo "2719"]
[BlackElo "2622"]
[PlyCount "133"]
[TimeControl "900+10"]

1. d4 d5 2. c4 dxc4 3. Nf3 Nf6 4. Qa4+ Nbd7 5. Nc3 a6 6. e4 e6 7. Bxc4 Rb8 8. Qc2 b5 9. Bd3 Bb7 10. Bg5 h6 11. Bh4 Be7 12. Rd1 0-0 13. 0-0 Rc8 14. Rfe1 Re8 15. a3 c5 16. dxc5 Rxc5 17. Qe2 Nh5 18. Bxe7 Qxe7 19. Qe3 Rec8 20. Nd4 Qg5 21. Qxg5 hxg5 22. Be2 Nhf6 23. f3 Kf8 24. h3 Ke7 25. Rd2 Ne5 26. Red1 R5c7 27. Nb3 Rd7 28. Na5 Rxd2 29. Rxd2 Bc6 30. Na2 Nfd7 31. Nb4 Nb8 32. Kf2 Bd7 33. Ke3 Nec6 34. Naxc6+ Bxc6 35. Rc2 f6 36. a4 bxa4 37. Nxc6+ Rxc6 38. Rxc6 Nxc6 39. Bxa6 Kd6 40. Bb5 Ne5 41. Ke2 Kc5 42. Bxa4 Kb4 43. b3 Ng6 44. g3 e5 45. Be8 Ne7 46. Bf7 Nc6 47. h4 Nd4+ 48. Kf2 gxh4 49. gxh4 Nxb3 50. Bxb3 Kxb3 51. Kg3 Kc3 52. Kg4 Kd3 53. Kf5 Ke3 54. Kg6 Kxf3 55. Kxg7 Kxe4 56. h5 f5 57. h6 f4 58. h7 f3 59. h8=Q f2 60. Qh3 Kf4 61. Qf1 Kf3 62. Kf6 e4 63. Ke5 e3 64. Kf5 Kg3 65. Qe2 Kg2 66. Kg4 Kg1 67. Kg3 1-0

[Event "FIDE World Rapid-ch Open 2018"]
[White "Vallejo Pons, Francisco"]
[Black "Aronian, Levon"]
[Site "St. Petersburg"]
[Round "11.33"]
[Annotator "ChessBase"]
[Result "1-0"]
[Date "2018.12.28"]
[WhiteElo "2695"]
[BlackElo "2765"]
[PlyCount "161"]
[TimeControl "900+10"]

1. d4 Nf6 2. c4 c5 3. d5 e5 4. Nc3 d6 5. e4 Nbd7 6. Bd3 Be7 7. Nge2 g6 8. h4 a6 9. Bg5 h6 10. Bd2 Kf8 11. f3 Kg7 12. Be3 h5 13. Qd2 Ne8 14. g3 Ndf6 15. a3 Bd7 16. b4 b6 17. Rb1 Rg8 18. Rb2 Kh8 19. bxc5 bxc5 20. Kd1 Nh7 21. Kc2 f5 22. Rhb1 Nef6 23. Kb3 Rf8 24. exf5 gxf5 25. Ka2 Ne8 26. Rb7 Bf6 27. Bc2 Bc8 28. R7b3 Bd7 29. Rb7 Bc8 30. R7b2 Bd7 31. Na4 e4 32. Nf4 Bxb2 33. Ng6+ Kg8 34. Nxf8 Nxf8 35. Rxb2 Nf6 36. Bg5 N8h7 37. Qc3 exf3 38. Qxf3 Nxg5 39. hxg5 Ng4 40. Qf4 Ne5 41. Nxc5 Qe7 42. Nxd7 Qxd7 43. Bxf5 Qg7 44. Be6+ Kh8 45. Rh2 Qg6 46. Bf5 Qe8 47. g6 Kg7 48. Rxh5 Nxg6 49. Qh6+ Kf6 50. Bxg6 Qxg6 51. Qf4+ Ke7 52. Qg5+ Qxg5 53. Rxg5 Kf6 54. Rg4 Rb8 55. Re4 Kf5 56. Re6 Rb6 57. c5 Rb5 58. c6 Rxd5 59. Rh6 Kg5 60. c7 Rc5 61. Rxd6 Rxc7 62. Rxa6 Rc2+ 63. Kb3 Rg2 64. Re6 Rxg3+ 65. Kb4 Kf5 66. Re8 Kf6 67. a4 Rg4+ 68. Kb5 Rg5+ 69. Kb6 Kf7 70. Re4 Rg6+ 71. Kb5 Rg5+ 72. Kb4 Rg8 73. a5 Rb8+ 74. Kc5 Ra8 75. Kb5 Rb8+ 76. Kc6 Ra8 77. Ra4 Ra6+ 78. Kb7 Re6 79. a6 Re7+ 80. Kc6 Re6+ 81. Kd5 1-0

[Event "FIDE World Rapid-ch Open 2018"]
[White "Mamedov, Rauf"]
[Black "Kovalev, Vladislav"]
[Site "St. Petersburg"]
[Round "11.34"]
[Annotator "ChessBase"]
[Result "1-0"]
[Date "2018.12.28"]
[WhiteElo "2703"]
[BlackElo "2683"]
[PlyCount "103"]
[TimeControl "900+10"]

1. Nf3 Nf6 2. b3 e6 3. Bb2 d5 4. g3 b6 5. Bg2 Bb7 6. 0-0 Be7 7. c4 0-0 8. e3 c5 9. Nc3 dxc4 10. bxc4 Nc6 11. Qe2 Rc8 12. Rfd1 Qc7 13. Ne1 Rfd8 14. f4 a6 15. g4 Ne8 16. Rab1 Nd6 17. Ba1 Na5 18. d3 Bc6 19. Qb2 Bf6 20. g5 Bxc3 21. Qxc3 Ne8 22. Nf3 Nb7 23. Qb2 b5 24. cxb5 axb5 25. Ne5 Bxg2 26. Qxg2 Nbd6 27. Rdc1 Qb6 28. Ng4 Nf5 29. Rd1 c4 30. d4 c3 31. Rdc1 Qa5 32. Rb3 b4 33. a3 bxa3 34. Rbxc3 Rxc3 35. Bxc3 Rc8 36. Bxa5 Rxc1+ 37. Be1 Rxe1+ 38. Kf2 Ra1 39. Qa8 Kf8 40. Ne5 a2 41. Qa3+ Ned6 42. e4 f6 43. exf5 fxe5 44. Qxd6+ Kg8 45. Qxe6+ Kf8 46. Qd6+ Kg8 47. Qd5+ Kf8 48. fxe5 Rf1+ 49. Kxf1 a1=Q+ 50. Kf2 Qb2+ 51. Kg3 Qc3+ 52. Kg4 1-0

[Event "FIDE World Rapid-ch Open 2018"]
[White "Tomashevsky, Evgeny"]
[Black "Levin, Evgeny A."]
[Site "St. Petersburg"]
[Round "11.35"]
[Annotator "ChessBase"]
[Result "1/2-1/2"]
[Date "2018.12.28"]
[WhiteElo "2705"]
[BlackElo "2516"]
[PlyCount "69"]
[TimeControl "900+10"]

1. Nf3 Nf6 2. c4 b6 3. g3 c5 4. Bg2 Bb7 5. 0-0 e6 6. e3 Be7 7. d4 cxd4 8. exd4 d5 9. Ne5 0-0 10. Nc3 Nc6 11. Bf4 Rc8 12. cxd5 Nxe5 13. d6 Nc6 14. dxe7 Qxe7 15. d5 Nxd5 16. Nxd5 exd5 17. Qxd5 Na5 18. Qe5 Qxe5 19. Bxe5 Bxg2 20. Kxg2 f6 21. Bc3 Nc6 22. Rfd1 Rfd8 23. Rxd8+ Rxd8 24. Rc1 Ne7 25. Bb4 Rd7 26. Bxe7 Rxe7 27. Kf3 Kf7 28. h4 h5 29. Rc8 Kg6 30. b4 Kf5 31. b5 Rd7 32. Rc3 Rd5 33. Ra3 Rxb5 34. Rxa7 g6 35. Ra4 1/2-1/2

[Event "FIDE World Rapid-ch Open 2018"]
[White "Moiseenko, Vadim"]
[Black "Jobava, Baadur"]
[Site "St. Petersburg"]
[Round "11.36"]
[Annotator "ChessBase"]
[Result "1-0"]
[Date "2018.12.28"]
[WhiteElo "2501"]
[BlackElo "2627"]
[PlyCount "88"]
[TimeControl "900+10"]

1. e4 c5 2. Nf3 e6 3. c4 Nc6 4. Be2 g5 5. d3 h6 6. h4 g4 7. Nfd2 h5 8. Nb3 Bg7 9. Nc3 d6 10. Bg5 Nge7 11. Qd2 a5 12. a4 b6 13. f3 gxf3 14. gxf3 Ba6 15. Rg1 Nd4 16. Nxd4 Bxd4 17. Rg3 Qc7 18. 0-0-0 0-0-0 19. Rg2 d5 20. cxd5 exd5 21. Kb1 f6 22. Bf4 Be5 23. Bxe5 fxe5 24. Rg7 dxe4 25. Qg5 Rhg8 26. Rxe7 Rxg5 27. Rxc7+ Kxc7 28. hxg5 exd3 29. Bf1 c4 30. b3 cxb3 31. Kb2 Bc4 32. Ne4 Kc6 33. Kc3 b5 34. axb5+ Kxb5 35. Bxd3 Bxd3 36. Rxd3 Rf8 37. Kxb3 a4+ 38. Kc3 h4 39. g6 Rg8 40. Rd5+ Kc6 41. Rxe5 Rxg6 42. Rh5 a3 43. Kb3 Rg1 44. Rxh4 Ra1 1-0

[Event "FIDE World Rapid-ch Open 2018"]
[White "Postny, Evgeny"]
[Black "Dreev, Aleksey"]
[Site "St. Petersburg"]
[Round "11.37"]
[Annotator "ChessBase"]
[Result "1-0"]
[Date "2018.12.28"]
[WhiteElo "2615"]
[BlackElo "2670"]
[PlyCount "147"]
[TimeControl "900+10"]

1. d4 d5 2. c4 c6 3. Nf3 Nf6 4. Nc3 e6 5. e3 Nbd7 6. Qc2 b6 7. b3 Bb7 8. Bb2 Bd6 9. Bd3 0-0 10. 0-0 Re8 11. Rad1 Rc8 12. Rfe1 e5 13. dxe5 Nxe5 14. Nxe5 Bxe5 15. Bf5 Rc7 16. Ne2 Bxb2 17. Qxb2 Qe7 18. cxd5 Nxd5 19. Ng3 Qf6 20. Qc2 g6 21. Rxd5 Rce7 22. Rd2 gxf5 23. Nxf5 Re6 24. Red1 Ba8 25. f3 c5 26. e4 Bc6 27. Rd6 h5 28. h4 Kh7 29. Qd2 Rg8 30. Rxe6 fxe6 31. Qd6 Bb5 32. Kh2 Kh8 33. Qe7 Qe5+ 34. Kh3 Qb2 35. Rd2 Qa1 36. Kh2 Qe5+ 37. g3 Qc3 38. Qd6 Bf1 39. Qf4 Qf6 40. Ne3 Qxf4 41. gxf4 Bb5 42. f5 exf5 43. Nxf5 a5 44. Rd6 Rb8 45. Rh6+ Kg8 46. Rxh5 a4 47. Rg5+ Kh8 48. h5 Rd8 49. Rg6 Be2 50. Kg3 Rd3 51. Nh4 axb3 52. axb3 Rxb3 53. h6 Kh7 54. Rc6 c4 55. Kg4 c3 56. Nf5 c2 57. Rc7+ Kh8 58. Nd4 Re3 59. Rxc2 Rxe4+ 60. Kg5 Rxd4 61. Rxe2 Rd5+ 62. Kf6 b5 63. f4 Kh7 64. f5 Rd8 65. Kg5 b4 66. Re7+ Kh8 67. Rb7 Rd4 68. Rb8+ Kh7 69. Rb7+ Kg8 70. Kg6 Rg4+ 71. Kf6 Rh4 72. Kg5 Rc4 73. f6 Rc8 74. Kg6 1-0

[Event "FIDE World Rapid-ch Open 2018"]
[White "Demidov, Mikhail"]
[Black "Grachev, Boris"]
[Site "St. Petersburg"]
[Round "11.38"]
[Annotator "ChessBase"]
[Result "1-0"]
[Date "2018.12.28"]
[WhiteElo "2520"]
[BlackElo "2626"]
[PlyCount "109"]
[TimeControl "900+10"]

1. e4 c5 2. Nf3 Nf6 3. e5 Nd5 4. g3 d6 5. Bg2 Nc6 6. exd6 Qxd6 7. 0-0 Bg4 8. h3 Bxf3 9. Qxf3 e6 10. Na3 Be7 11. d3 0-0 12. Nc4 Qd7 13. Re1 Bf6 14. c3 Rad8 15. a4 b6 16. h4 h6 17. Qg4 Kh8 18. Qh5 Kg8 19. Be4 Rfe8 20. a5 b5 21. Ne3 b4 22. Ng4 bxc3 23. Bxh6 gxh6 24. Bxd5 Bg7 25. Bxc6 Qxc6 26. Nxh6+ Bxh6 27. Qxh6 cxb2 28. Rab1 Rxd3 29. Rxb2 Qd5 30. Rbe2 Rd1 31. Kh2 Rxe1 32. Rxe1 Qf5 33. Qd2 c4 34. Qd4 e5 35. Qxa7 c3 36. Qe3 c2 37. a6 Rc8 38. a7 Kg7 39. Ra1 Ra8 40. Kg1 f6 41. Qb6 Qe4 42. Rc1 Kg6 43. Qc5 Qd3 44. Kh2 Qf5 45. Kg2 Rc8 46. Qd5 e4 47. Qxf5+ Kxf5 48. Rxc2 Ra8 49. Rc5+ Kg4 50. Rc7 Rd8 51. Rb7 Ra8 52. Rg7+ Kh5 53. Kf1 Rc8 54. Ke2 Kh6 55. Rb7 1-0

[Event "FIDE World Rapid-ch Open 2018"]
[White "Savchenko, Boris"]
[Black "Bosiocic, Marin"]
[Site "St. Petersburg"]
[Round "11.39"]
[Annotator "ChessBase"]
[Result "1-0"]
[Date "2018.12.28"]
[WhiteElo "2562"]
[BlackElo "2599"]
[PlyCount "99"]
[TimeControl "900+10"]

1. e4 e5 2. Nf3 Nc6 3. d4 exd4 4. Nxd4 Nf6 5. Nxc6 bxc6 6. e5 Qe7 7. Qe2 Nd5 8. c4 Nb6 9. Nc3 Qe6 10. Qe4 d5 11. exd6 cxd6 12. Be2 Qxe4 13. Nxe4 Be6 14. b3 d5 15. cxd5 Bxd5 16. f3 Bxe4 17. fxe4 Bb4+ 18. Kf2 Bc5+ 19. Kf3 Bd4 20. Rb1 Nd7 21. Rd1 Ne5+ 22. Kf4 Ng6+ 23. Kf5 Rd8 24. Ba3 Nh4+ 25. Kg4 Nxg2 26. Kg3 Ne3 27. Rdc1 Kd7 28. Bc5 Kc7 29. Kf3 Rhe8 30. Bxd4 Rxd4 31. Bb5 Rexe4 32. Rxc6+ Kd8 33. Rbc1 Nf5 34. Rc8+ Ke7 35. Re8+ Kf6 36. Rxe4 Nh4+ 37. Rxh4 Rxh4 38. Rc7 Rxh2 39. Rxa7 h5 40. Bc4 Kg5 41. a4 g6 42. Rxf7 Ra2 43. Rd7 Kh4 44. Rd4+ Kh3 45. Re4 g5 46. Bf1+ Kh2 47. Re2+ Rxe2 48. Bxe2 g4+ 49. Kf4 g3 50. Bf1 1-0

[Event "FIDE World Rapid-ch Open 2018"]
[White "Zvjaginsev, Vadim"]
[Black "Bocharov, Ivan"]
[Site "St. Petersburg"]
[Round "11.40"]
[Annotator "ChessBase"]
[Result "1/2-1/2"]
[Date "2018.12.28"]
[WhiteElo "2642"]
[BlackElo "2563"]
[PlyCount "39"]
[TimeControl "900+10"]

1. c4 e5 2. g3 Nf6 3. Bg2 c6 4. Nf3 e4 5. Nd4 Qb6 6. e3 d5 7. cxd5 cxd5 8. 0-0 Nc6 9. d3 Nxd4 10. exd4 Qxd4 11. dxe4 Qxd1 12. Rxd1 dxe4 13. Nc3 Bg4 14. Rd4 Bc5 15. Rc4 Rc8 16. Nxe4 Nxe4 17. Rxe4+ Be6 18. Bh3 Rc6 19. Be3 Bxe3 20. Rxe3 1/2-1/2

[Event "FIDE World Rapid-ch Open 2018"]
[White "Pantsulaia, Levan"]
[Black "Yuffa, Daniil"]
[Site "St. Petersburg"]
[Round "11.41"]
[Annotator "ChessBase"]
[Result "0-1"]
[Date "2018.12.28"]
[WhiteElo "2597"]
[BlackElo "2572"]
[PlyCount "98"]
[TimeControl "900+10"]

1. Nf3 d6 2. c4 g6 3. Nc3 Bg7 4. d4 Nf6 5. g3 0-0 6. Bg2 Nc6 7. 0-0 Bf5 8. Ne1 Bd7 9. e4 e5 10. d5 Nd4 11. Nc2 Re8 12. Be3 Ng4 13. Nxd4 Nxe3 14. fxe3 exd4 15. exd4 c6 16. Kh1 Qb6 17. Qf3 Rf8 18. c5 dxc5 19. Na4 Qc7 20. Nxc5 Bxd4 21. Nxd7 Qxd7 22. Qb3 c5 23. Rad1 Rae8 24. Qc2 a5 25. a4 b5 26. b3 bxa4 27. bxa4 Rb8 28. e5 Rfe8 29. Rde1 Bxe5 30. Qxc5 Rec8 31. Qf2 f6 32. Re2 Rb4 33. Rc2 Rxc2 34. Qxc2 Rxa4 35. d6 Rd4 36. Qa2+ Kg7 37. Qxa5 Rxd6 38. Qb4 Rd1 39. Qc4 Rd2 40. Rb1 h5 41. Qf1 Qd4 42. Re1 h4 43. Re4 Qd6 44. gxh4 Bxh2 45. Qf3 Be5 46. Rg4 Rd1+ 47. Bf1 Qd7 48. Rg1 Rd4 49. Kg2 Rg4+ 0-1

[Event "FIDE World Rapid-ch Open 2018"]
[White "Tukhaev, Adam"]
[Black "Yudin, Sergei"]
[Site "St. Petersburg"]
[Round "11.42"]
[Annotator "ChessBase"]
[Result "1/2-1/2"]
[Date "2018.12.28"]
[WhiteElo "2527"]
[BlackElo "2507"]
[PlyCount "41"]
[TimeControl "900+10"]

1. e4 d6 2. d4 Nf6 3. Nc3 e5 4. Nf3 Nbd7 5. Bc4 Be7 6. a4 0-0 7. 0-0 c6 8. Re1 h6 9. h3 Re8 10. b3 exd4 11. Nxd4 Bf8 12. Bb2 Nc5 13. Qf3 Ne6 14. Nf5 Ng5 15. Qf4 Nh5 16. Qg4 Nf6 17. Qf4 Nh5 18. Qg4 Nf6 19. Qf4 Nh5 20. Qg4 Nf6 21. Qf4 1/2-1/2

[Event "FIDE World Rapid-ch Open 2018"]
[White "Vitiugov, Nikita"]
[Black "Vishnu Prasanna. V"]
[Site "St. Petersburg"]
[Round "11.43"]
[Annotator "ChessBase"]
[Result "0-1"]
[Date "2018.12.28"]
[WhiteElo "2719"]
[BlackElo "2518"]
[PlyCount "156"]
[TimeControl "900+10"]

1. d4 Nf6 2. Nf3 g6 3. Nc3 d5 4. Bf4 c6 5. e3 Bg7 6. h3 Bf5 7. g4 Be4 8. g5 Bxf3 9. Qxf3 Nh5 10. Bh2 Nd7 11. h4 e5 12. 0-0-0 0-0 13. Be2 f5 14. Qh3 Qe7 15. Rhg1 Rae8 16. Bxh5 gxh5 17. Qf3 Qf7 18. Ne2 f4 19. exf4 exf4 20. Kb1 Re4 21. c3 c5 22. Ka1 cxd4 23. cxd4 Nb6 24. a3 Nc4 25. Nxf4 Rxf4 26. Bxf4 Qxf4 27. Qxd5+ Qf7 28. Qe4 Qxf2 29. Qxb7 Ne3 30. Rc1 Ng4 31. Rge1 Qxd4 32. Re7 Be5 33. Ka2 Ne3 34. Rc8 Nd5 35. Ree8 Bd6 36. Rxf8+ Bxf8 37. Qb3 Kg7 38. Qb7+ Be7 39. Rc2 Qe4 40. Qb3 Ne3 41. Rc7 Nf5 42. Rc8 Kg6 43. Rc4 Qe6 44. Qd3 h6 45. gxh6 Kxh6 46. Ka1 Qe1+ 47. Ka2 Qe6 48. Kb1 Bxh4 49. Re4 Qf6 50. Qd5 Ng7 51. Rc4 Qf1+ 52. Ka2 Qf2 53. Qd3 Bf6 54. Rc2 Qf4 55. Rg2 Qf5 56. Qd2+ Kh7 57. Rf2 Qe6+ 58. Ka1 h4 59. Qf4 Nh5 60. Qf3 Kg6 61. Qd3+ Kh6 62. Re2 Qg4 63. Qd2+ Qf4 64. Qe1 h3 65. Rf2 Qe5 66. Qc1+ Kg7 67. Qh1 Qg3 68. Rh2 Qxa3+ 69. Kb1 Qd3+ 70. Ka1 Nf4 71. Qg1+ Kh6 72. Qxa7 Ne2 73. Qb6 Kg6 74. Rf2 Qd1+ 75. Ka2 Qa4+ 76. Kb1 Qe4+ 77. Ka1 Qe5 78. Qa6 Qxb2# 0-1

[Event "FIDE World Rapid-ch Open 2018"]
[White "Tari, Aryan"]
[Black "Adly, Ahmed"]
[Site "St. Petersburg"]
[Round "11.44"]
[Annotator "ChessBase"]
[Result "1-0"]
[Date "2018.12.28"]
[WhiteElo "2620"]
[BlackElo "2626"]
[PlyCount "83"]
[TimeControl "900+10"]

1. e4 c5 2. Nf3 d6 3. Nc3 Nc6 4. d4 cxd4 5. Nxd4 Bd7 6. g3 g6 7. Bg2 Bg7 8. Nb3 Nf6 9. 0-0 0-0 10. h3 a5 11. a4 Nb4 12. Be3 Rc8 13. Qd2 Rc4 14. Rfe1 Qc7 15. Nd4 Qc8 16. Kh2 Rc5 17. g4 Ne8 18. Nd5 Nxd5 19. exd5 Nf6 20. Bh6 Bxh6 21. Qxh6 Bxg4 22. Qg5 Be6 23. Nb3 Rxd5 24. Bxd5 Nxd5 25. Nd4 f6 26. Qg3 Bf7 27. Rad1 e5 28. Nb5 Qxc2 29. Nxd6 Be6 30. Qf3 Nf4 31. Nxb7 Nxh3 32. Rd8 Nf4 33. Rxf8+ Kxf8 34. Rd1 g5 35. Rd6 Ke7 36. Rc6 Qxb2 37. Rc7+ Kf8 38. Qe3 Kg8 39. Qa7 Ng6 40. Nd8 Qb3 41. Rxh7 Bd7 42. Qxd7 1-0

[Event "FIDE World Rapid-ch Open 2018"]
[White "Amin, Bassem"]
[Black "Kazhgaleyev, Murtas"]
[Site "St. Petersburg"]
[Round "11.45"]
[Annotator "ChessBase"]
[Result "1-0"]
[Date "2018.12.28"]
[WhiteElo "2710"]
[BlackElo "2587"]
[PlyCount "111"]
[TimeControl "900+10"]

1. Nf3 d6 2. e4 e5 3. d4 exd4 4. Nxd4 Nf6 5. Nc3 Be7 6. g3 Nc6 7. Bg2 Nxd4 8. Qxd4 0-0 9. 0-0 c6 10. Bf4 Qb6 11. Qxb6 axb6 12. a4 Be6 13. Rad1 Rfd8 14. Rd2 Ng4 15. h3 g5 16. hxg4 gxf4 17. gxf4 Bxg4 18. f5 f6 19. b3 d5 20. exd5 Bxf5 21. Re2 Bb4 22. Ne4 Kf7 23. dxc6 bxc6 24. Ng3 Bd7 25. Re4 Bf8 26. Bf3 f5 27. Rh4 Kg6 28. Kg2 Be7 29. Rd4 Be6 30. Re1 Kf7 31. Bxc6 Rac8 32. Rxd8 Bxd8 33. Be8+ Ke7 34. Nxf5+ Kf6 35. Nd4 Bd5+ 36. f3 Be7 37. Bd7 Rg8+ 38. Kh3 Bd6 39. c4 Bf7 40. Re4 Rg3+ 41. Kh4 Rg2 42. Bc8 Bc5 43. Rf4+ Kg6 44. Bf5+ Kh6 45. Bg4 Bg6 46. Nf5+ Bxf5 47. Rxf5 Rb2 48. a5 Be7+ 49. Kg3 Bd6+ 50. f4 Rxb3+ 51. Bf3 Kg6 52. Rd5 Be7 53. a6 Ra3 54. Rd7 Bb4 55. a7 Be1+ 56. Kg2 1-0

[Event "FIDE World Rapid-ch Open 2018"]
[White "Melkumyan, Hrant"]
[Black "Khusnutdinov, Rustam"]
[Site "St. Petersburg"]
[Round "11.46"]
[Annotator "ChessBase"]
[Result "1-0"]
[Date "2018.12.28"]
[WhiteElo "2670"]
[BlackElo "2470"]
[PlyCount "99"]
[TimeControl "900+10"]

1. c4 e5 2. Nc3 Bb4 3. Qc2 Nf6 4. Nf3 Qe7 5. e3 Bxc3 6. Qxc3 Nc6 7. d4 Ne4 8. Qd3 exd4 9. Nxd4 Nxd4 10. Qxd4 Qb4+ 11. Ke2 Nf6 12. Qe5+ Kd8 13. b3 Re8 14. Qd4 b6 15. f3 Qc5 16. Qxc5 bxc5 17. Kf2 a5 18. Bd3 a4 19. Bb2 Re6 20. g4 Bb7 21. Rhd1 Rb6 22. Bc2 h6 23. h4 Ne8 24. g5 h5 25. Bc3 Bc6 26. Rab1 axb3 27. axb3 Ra2 28. Rd2 g6 29. Rbd1 Ra3 30. e4 Kc8 31. Be5 Raxb3 32. Bxb3 Rxb3 33. Ra1 Rb4 34. Rc2 d6 35. Bh8 Kd7 36. Ke3 Rb3+ 37. Kf4 Rb4 38. Rac1 Rb3 39. Rb2 Rd3 40. Rb8 Ra3 41. Ra1 Rd3 42. Ra6 Rd1 43. Rxc6 Kxc6 44. Rxe8 Kd7 45. Rf8 Ke7 46. Ra8 Rc1 47. Bf6+ Kd7 48. Rf8 Rxc4 49. Rxf7+ Kc6 50. Ke3 {[%emt 0:0:9] Kd5} 1-0

[Event "FIDE World Rapid-ch Open 2018"]
[White "Kovalenko, Igor"]
[Black "Sychev, Klementy"]
[Site "St. Petersburg"]
[Round "11.47"]
[Annotator "ChessBase"]
[Result "1-0"]
[Date "2018.12.28"]
[WhiteElo "2657"]
[BlackElo "2537"]
[PlyCount "93"]
[TimeControl "900+10"]

1. d4 Nf6 2. Nf3 g6 3. Bf4 Bg7 4. e3 d6 5. h3 0-0 6. Be2 Nc6 7. Nc3 Bf5 8. 0-0 Ne4 9. Nxe4 Bxe4 10. Bh2 e5 11. c3 Qe7 12. Re1 Kh8 13. Qb3 Rab8 14. Nd2 Bf5 15. d5 Nd8 16. Qa3 a6 17. c4 Bd7 18. b4 f5 19. c5 Nf7 20. Rac1 e4 21. Nc4 Bb5 22. cxd6 cxd6 23. Nb6 Qd8 24. Qa5 Bxe2 25. Rxe2 Be5 26. b5 Bxh2+ 27. Kxh2 Ne5 28. Rc3 Qf6 29. Qb4 axb5 30. Rec2 Rbe8 31. Qxb5 f4 32. Nd7 Nxd7 33. Qxd7 Re7 34. Qg4 f3 35. gxf3 exf3 36. Rc8 Rxc8 37. Rxc8+ Kg7 38. Rc4 Qe5+ 39. Qg3 Qxd5 40. Rd4 Qxa2 41. Rxd6 Qb2 42. h4 b5 43. Rd4 b4 44. h5 Qb3 45. h6+ Kf8 46. Rd8+ Kf7 47. Qf4+ 1-0

[Event "FIDE World Rapid-ch Open 2018"]
[White "Ghaem Maghami, Ehsan"]
[Black "Najer, Evgeniy"]
[Site "St. Petersburg"]
[Round "11.48"]
[Annotator "ChessBase"]
[Result "1-0"]
[Date "2018.12.28"]
[WhiteElo "2537"]
[BlackElo "2670"]
[PlyCount "70"]
[TimeControl "900+10"]

1. d4 d5 2. Nf3 Nf6 3. c4 c6 4. e3 Bg4 5. Nc3 e6 6. h3 Bh5 7. g4 Bg6 8. Ne5 Nbd7 9. Nxg6 hxg6 10. Bd2 Bb4 11. Bd3 Qe7 12. g5 Nh7 13. f4 0-0-0 14. Qc2 Kb8 15. 0-0-0 dxc4 16. Bxc4 c5 17. a3 Ba5 18. dxc5 Qxc5 19. Be2 Qc6 20. Kb1 Nhf8 21. Qe4 e5 22. Qxc6 bxc6 23. Bf3 Rc8 24. Ne4 Bxd2 25. Rxd2 Rc7 26. Nd6 exf4 27. exf4 Rh4 28. Re1 Ne6 29. Ne8 Rxf4 30. Nxc7 Kxc7 31. Bg4 Ndc5 32. Rc2 Nd3 33. Rd1 Nf2 34. Rdc1 Nd4 35. Rc4 Ne6 1-0